 Dungeon Crawl Stone Soup version 0.28-a0-850-g09de17f5b5 (webtiles) character file.

Game seed: 814363099490106589

65 Astera the Slasher (level 4, 0/54 HPs)
             Began as a Human Berserker on Nov 14, 2021.
             Was a Believer of Trog.
             Constricted to death by a ball python (1 damage)
             ... on level 3 of the Dungeon.
             The game lasted 00:03:34 (2316 turns).

Astera the Slasher (Human Berserker)                Turns: 2316, Time: 00:03:34

Health: 0/54       AC:  2    Str: 18    XL:     4   Next: 35%
Magic:  4/4        EV:  9    Int:  7    God:    Trog [**....]
Gold:   79         SH:  0    Dex: 13    Spells: 3/3 levels left

rFire   . . .      SeeInvis .   a - +0 falchion
rCold   . . .      Faith    .   (no shield)
rNeg    . . .      Spirit   .   b - +0 animal skin
rPois   .          Reflect  .   (no helmet)
rElec   .          Harm     .   (no cloak)
rCorr   .          Rampage  .   (no gloves)
Will    .....                   (no boots)
Stlth   ..........              (no amulet)
HPRegen 0.18/turn               (no ring)
MPRegen 0.09/turn               (no ring)

@: berserking, constricted, very quick
A: no striking features
a: Renounce Religion, Berserk, Trog's Hand


You were on level 3 of the Dungeon.
You worshipped Trog.
Trog was pleased with you.
You visited 1 branch of the dungeon, and saw 3 of its levels.

You collected 79 gold pieces.

Inventory:

Hand Weapons
 a - a +0 falchion (weapon)
Armour
 b - a +0 animal skin (worn)
Scrolls
 d - a scroll of teleportation {unknown}
 e - 2 scrolls of fog {unknown}
 f - a scroll of fear {unknown}
 i - a scroll of brand weapon {unknown}
 k - a scroll of identify {unknown}
 m - 3 scrolls of enchant armour {unknown}
 n - a scroll of magic mapping {unknown}
Potions
 c - a potion of magic {unknown}
 g - a potion of ambrosia {unknown}
 h - 2 potions of lignification {unknown}
 j - 2 potions of curing {unknown}
 l - a potion of cancellation {unknown}


   Skills:
 + Level 3.6 Fighting
 + Level 3.9 Long Blades
 + Level 2.1 Armour
 + Level 2.5 Dodging
 + Level 0.5 Stealth


You had 3 spell levels left.
You didn't know any spells.
Your spell library was empty.

Dungeon Overview and Level Annotations

Branches:
Dungeon (3/15)

Altars:

Shops:
D:1 (


Message History

There is a stone staircase leading up here.
The orc shouts! x2; You hear an angry hiss.
An orc comes into view. It is wielding a +0 flail.
The orc hits you with a +0 club.
The orc throws a boomerang.
The boomerang hits you.
You closely miss the orc. The orc hits you with a +0 club.
You barely miss the orc. The orc hits you with a +0 hand axe.
The orc misses you.
You closely miss the orc. The orc closely misses you.
The orc barely misses you. x2
You slash the orc!
You kill the orc!
Trog accepts your kill. The orc barely misses you.
The orc hits you with a +0 hand axe!
You are too injured to fight recklessly!
You are too injured to fight recklessly!
You are too injured to fight recklessly!
You are too injured to fight recklessly!
A red film seems to cover your vision as you go berserk!
You feel yourself moving faster!
You feel mighty! The orc hits you with a +0 flail!
* * * LOW HITPOINT WARNING * * *
The orc hits you with a +0 club.
* * * LOW HITPOINT WARNING * * *
The orc hits you with a +0 hand axe.
* * * LOW HITPOINT WARNING * * *
The ball python closely misses you. x2
You hit the orc.
The orc is lightly wounded.
The orc closely misses you. x2; The ball python bites you.
* * * LOW HITPOINT WARNING * * *
The ball python grabs you. The ball python constricts you.
* * * LOW HITPOINT WARNING * * *
The orc hits you with a +0 hand axe.
* * * LOW HITPOINT WARNING * * *
You completely miss the orc.
The orc is lightly wounded.
The ball python bites you but does no damage.
The ball python constricts you.
You die...

## ###.#####
#.......# #
##.......####..
.#..............
................
#...$S@o#
#.....oo#
#.......#
###..##... #..
##.# #.. .# ...
# ###.


You could see 3 orcs and a ball python.

Vanquished Creatures
  An adder (D:2)
  An orc (D:3)
  A bat (D:1)
  4 endoplasms
  2 giant cockroaches
  4 goblins
  8 hobgoblins
  6 jackals
  3 quokkas (D:1)
  5 ball pythons
  6 kobolds
  7 rats (D:1)
48 creatures vanquished.

Notes
Turn   | Place    | Note
-------+----------+-------------------------------------------
     0 | D:1      | Astera the Human Berserker began the quest for the Orb.
     0 | D:1      | Reached XP level 1. HP: 18/18 MP: 1/1
    98 | D:1      | Reached XP level 2. HP: 18/24 MP: 2/2
   549 | D:1      | Reached XP level 3. HP: 17/29 MP: 3/3
   794 | D:1      | Found Meakywk's Weapon Boutique.
   809 | D:1      | Reached ** piety under Trog
  1300 | D:1      | Found a faded altar of an unknown god.
  1663 | D:2      | Reached XP level 4. HP: 29/35 MP: 4/4
  2315 | D:3      | HP: 1/54 [orc (5)]
  2316 | D:3      | Constricted to death by a ball python

Illustrated notes

Levels and vault maps discovered:
D:1:      sevenhm_arrival_forest_fort_small_4, layout_basic,
          shapermc_ecumenical_altar_acropolis, serial_shops, shop, st_stairs_12,
          minmay_distorted
D:2:      layout_basic
D:3:      layout_loops_ring

Action                   |  1- 3 |  4- 6 || total
-------------------------+-------+-------++-------
Melee: Falchion          |   122 |    30 ||   152
Invok: Berserk           |       |     1 ||     1
 Stab: Sleeping          |     2 |       ||     2
Armor: Animal skin       |    19 |     3 ||    22
Dodge: Dodged            |    94 |    26 ||   120

Table legend: (Time is in decaauts)
 A = Elapsed time spent in this place.
 B = Non-inter-level travel time spent in this place.
 C = Inter-level travel time spent in this place.
 D = Time resting spent in this place.
 E = Time spent auto-exploring this place.
 F = Levels seen in this place.
 G = Mean time per level.
                   A        B        C        D        E       F      G
               +--------+--------+--------+--------+--------+-----+--------+
         Total |   2342 |   2297 |     45 |      0 |   1969 |   3 |  780.7 |
       Dungeon |   2342 |   2297 |     45 |      0 |   1969 |   3 |  780.7 |
               +--------+--------+--------+--------+--------+-----+--------+

Top non-repeatable levels by time:
     D:1: 1374 daAuts
     D:2: 959 daAuts
     D:3: 8 daAuts
